Map: Royal Blood LE

Players

NightMare

  • Race: Protoss Protoss
  • Spawn Location: 7:00

Maru - Winner!

  • Race: Terran Terran
  • Spawn Location: 1:00

VOD

Have the link to the VOD?

Description

Please support GSL ! GSL is the longest running SC2 major tournament, and over the years it has brought us magnificent games and talents to enjoy.

With Blizzard pulling out support from GSL, the tournament now needs our support to keep running. Please go and donate today to support the korean SC2 scene !

https://www.patreon.com/GSL

Time

  • Played on: April 25, 2023, 5:03 a.m.
  • Length: 11:30
Show
View Real Time Build Order
Export as new Build Order

NightMare Protoss 

Build Orders: Blink Stalkers, Zealot Archon 

Get SALT Encoding   

  12  0:00  Probe  
  13  0:12  Probe  
  14  0:17  Pylon  
  14  0:24  Probe (Chrono Boost)  
  15  0:36  Probe (Chrono Boost)  
  15  0:37  Gateway  
  16  0:44  Probe (Chrono Boost)  
  16  0:45  Assimilator  
  17  0:51  Probe  
  18  1:03  Probe  
  19  1:15  Probe  
  20  1:25  Cybernetics Core  
  20  1:26  Zealot  
  22  1:46  Nexus  
  22  1:47  Pylon  
  22  1:56  Probe  
  23  2:04  Stalker (Chrono Boost)  
  23  2:05  Warp Gate  
  23  2:06  Shield Battery  
  25  2:13  Probe  
  25  2:16  Assimilator  
  25  2:25  Probe  
  25  2:29  Stalker (Chrono Boost)  
  27  2:37  Probe  
  28  2:49  Probe  
  29  2:52  Stalker  
  31  3:00  Probe  
  31  3:02  Probe  
  32  3:12  Probe  
  33  3:14  Probe  
  32  3:22  Stalker  
  32  3:23  Twilight Council  
  32  3:24  Probe  
  32  3:26  Probe  
  36  3:36  Probe  
  36  3:38  Probe  
  36  3:40  Gateway  
  38  3:43  Gateway  
  38  3:49  Probe  
  38  3:50  Probe  
  38  3:52  Blink (Chrono Boost)  
  39  4:01  Probe  
  39  4:02  Probe  
  41  4:13  Probe  
  41  4:14  Probe  
  41  4:15  Pylon  
  41  4:16  Stalker  
  45  4:25  Probe  
  45  4:28  Probe  
  46  4:37  Probe  
  47  4:40  Probe  
  47  4:45  Pylon  
  46  4:48  Stalker  
  46  4:50  Stalker  
  46  4:52  Probe x2  
  52  4:53  Pylon  
  52  5:04  Probe x2  
  54  5:14  Dark Shrine  
  54  5:15  Nexus  
  54  5:21  Charge  
  54  5:23  Probe x2  
  54  5:27  Assimilator  
  56  5:32  Forge  
  56  5:35  Probe x2  
  58  5:41  Robotics Facility  
  58  5:47  Probe  
  59  5:51  Gateway  
  59  5:53  Gateway  
  59  5:59  Protoss Ground Armor Level 1 (Chrono Boost), Gateway  
  59  6:00  Probe x2, Gateway  
  61  6:10  Gateway  
  61  6:13  Sentry  
  61  6:15  Zealot  
  61  6:16  Zealot  
  67  6:21  Pylon  
  67  6:24  Probe x2  
  69  6:29  Pylon  
  69  6:33  Probe  
  69  6:36  Probe x2  
  69  6:38  Dark Templar x2  
  76  6:43  Archon  
  76  6:47  Zealot x2  
  76  6:49  Pylon  
  76  6:50  Pylon  
  80  6:54  Zealot  
  80  6:57  Probe x3  
  83  7:04  Zealot x2  
  83  7:08  Zealot x3  
  89  7:12  Zealot  
  95  7:17  Probe x2  
  87  7:24  Zealot x4  
  87  7:29  Probe x2  
  89  7:33  Robotics Bay  
  89  7:34  Robotics Facility  
  89  7:43  Assimilator  
  85  7:46  Dark Templar  
  85  7:47  Dark Templar, Protoss Ground Weapons Level 1 (Chrono Boost)  
  85  7:49  Zealot x3  
  85  7:50  Zealot  
  97  7:55  Probe x3  
  100  8:08  Shield Battery  
  100  8:10  Zealot x5  
  100  8:12  Zealot  
  112  8:15  Pylon  
  112  8:17  Shield Battery  
  110  8:25  Zealot x2  
  108  8:33  Dark Templar x2, Zealot x3  
  118  8:34  Zealot  
  118  8:40  Archon  
  118  8:43  Pylon  
  118  8:44  Colossus (Chrono Boost)  
  122  8:56  Zealot x2  
  114  9:03  Zealot x4  
  114  9:06  Colossus (Chrono Boost)  
  114  9:09  Assimilator  
  128  9:10  Assimilator  
  120  9:18  Zealot x3  
  120  9:19  Extended Thermal Lance (Chrono Boost)  
  120  9:22  Pylon  
  106  9:32  Zealot x4  
  106  9:35  Sentry  
  114  9:43  Stalker  
  114  9:44  Stalker x2  
  120  9:48  Pylon  
  118  9:58  Zealot x4  
  126  10:05  Disruptor (Chrono Boost)  
  98  10:10  Zealot x2  
  98  10:12  Disruptor (Chrono Boost)  
  92  10:14  Zealot x2  
  92  10:18  Zealot  
  82  10:21  Dark Templar  
  82  10:24  Zealot  
  82  10:26  Zealot  
  71  10:35  Zealot x2  
  71  10:36  Zealot x2  
  69  10:44  Stalker x4  
  69  10:45  Stalker  
  58  10:56  Stalker x2  
  54  11:05  Zealot  
  54  11:13  Zealot x3  
Show
View Real Time Build Order
Export as new Build Order

Maru Terran - Winner!

Build Orders:  

Get SALT Encoding   

  12  0:00  SCV  
  13  0:12  SCV  
  14  0:17  Supply Depot  
  14  0:24  SCV  
  15  0:39  Barracks, SCV  
  16  0:46  Refinery  
  16  0:51  SCV  
  16  0:55  Refinery  
  17  1:03  SCV  
  18  1:15  SCV  
  19  1:26  Reaper  
  19  1:28  Orbital Command  
  20  1:37  Engineering Bay  
  20  1:45  Factory  
  20  1:51  Bunker  
  20  1:56  Supply Depot  
  20  1:57  SCV  
  20  2:01  Reaper  
  22  2:09  SCV  
  23  2:21  SCV  
  24  2:31  Hellion  
  24  2:33  SCV  
  24  2:34  Starport  
  27  2:45  SCV  
  27  2:47  Command Center  
  28  2:52  Supply Depot  
  28  2:58  Widow Mine  
  30  3:01  SCV  
  31  3:14  SCV, Medivac  
  31  3:19  Widow Mine  
  34  3:26  SCV  
  35  3:34  Supply Depot  
  35  3:37  Barracks  
  35  3:38  SCV  
  35  3:41  Factory Tech Lab  
  36  3:44  Starport Tech Lab  
  36  3:50  SCV  
  37  3:56  Barracks Reactor  
  37  4:00  Siege Tank  
  37  4:01  Orbital Command  
  41  4:02  SCV  
  41  4:13  Raven  
  41  4:14  SCV  
  44  4:20  Engineering Bay  
  44  4:24  Marine  
  44  4:26  Orbital Command  
  45  4:33  SCV  
  45  4:35  Siege Tank  
  45  4:38  Marine x2  
  49  4:40  Barracks  
  49  4:45  SCV  
  51  4:52  Bunker, SCV  
  51  4:54  Marine  
  51  4:55  Stimpack  
  51  4:57  SCV  
  51  4:59  Supply Depot  
  53  5:00  Marine  
  53  5:01  Marine  
  53  5:05  SCV  
  56  5:12  Refinery, Terran Infantry Weapons Level 1  
  56  5:13  SCV  
  57  5:17  SCV  
  57  5:18  Marine x2  
  60  5:26  Supply Depot  
  59  5:30  SCV  
  59  5:31  SCV  
  61  5:37  Combat Shield, Marine x4  
  61  5:39  Starport Reactor  
  65  5:43  Refinery, SCV  
  65  5:45  Factory Reactor  
  65  5:48  Supply Depot, SCV  
  67  5:55  SCV  
  68  5:57  Marine  
  68  5:58  Marauder x2, Marine  
  68  6:02  Missile Turret  
  73  6:04  Supply Depot  
  73  6:08  SCV x2  
  75  6:15  Marine x2  
  77  6:19  Marauder x2  
  77  6:21  Medivac  
  77  6:22  Medivac  
  85  6:26  Widow Mine  
  85  6:31  Supply Depot  
  87  6:35  Concussive Shells  
  87  6:38  Widow Mine, Marine x2  
  91  6:41  Marauder  
  91  6:45  Supply Depot  
  91  6:46  Supply Depot  
  93  6:53  Marauder  
  95  6:56  Marine  
  95  6:57  SCV  
  95  7:01  Medivac x2  
  95  7:02  Widow Mine  
  95  7:04  Marauder  
  95  7:07  Widow Mine  
  101  7:14  Terran Infantry Armor Level 1  
  96  7:24  Marauder, Marine x2  
  96  7:25  Widow Mine, Marauder  
  96  7:29  SCV x2  
  93  7:31  Medivac  
  93  7:33  Medivac  
  97  7:37  Command Center  
  97  7:49  Widow Mine  
  97  7:50  Widow Mine  
  97  7:51  Barracks  
  101  7:52  Barracks  
  101  7:53  Marauder  
  101  7:54  Marine  
  104  8:01  SCV x2  
  106  8:06  Marauder, Marine, Supply Depot  
  106  8:11  Ghost Academy, Marine  
  110  8:14  Marauder  
  110  8:16  Widow Mine x2  
  116  8:24  Marine  
  113  8:28  Marauder  
  113  8:29  Marine  
  113  8:30  SCV x2  
  113  8:34  Medivac  
  119  8:36  Marauder  
  121  8:42  Widow Mine, SCV  
  121  8:43  Barracks Reactor, SCV  
  121  8:44  Barracks Tech Lab  
  125  8:49  Marauder  
  125  8:51  Orbital Command  
  125  8:54  SCV  
  128  8:56  Ghost  
  128  9:01  Widow Mine  
  127  9:05  Ghost  
  129  9:10  Ghost  
  129  9:16  Orbital Command  
  124  9:18  SCV  
  124  9:22  Widow Mine x2  
  124  9:24  SCV  
  130  9:25  Ghost  
  130  9:26  Supply Depot  
  130  9:30  SCV  
  126  9:33  Ghost  
  126  9:39  Marauder, Marine x2  
  130  9:47  Supply Depot  
  130  9:53  Ghost  
  132  10:00  Ghost  
  132  10:02  Ghost  
  132  10:06  Widow Mine  
  129  10:07  Marine x2  
  129  10:08  Marine  
  128  10:17  Marine  
  121  10:22  Marauder  
  121  10:25  Marine x2  
  114  10:28  Marine  
  114  10:29  Ghost  
  114  10:31  Widow Mine, Marauder  
  114  10:32  SCV x2  
  114  10:35  Marine  
  122  10:39  Medivac  
  121  10:43  Marine  
  121  10:44  Marauder, Marine  
  121  10:45  Widow Mine  
  127  10:52  Widow Mine, Marauder  
  124  10:58  Marauder  
  124  11:01  Marine  
  121  11:05  Marauder  
  121  11:06  Widow Mine  
  121  11:09  Marine  
Tags
 
Add a new tag
Caveats
  • Supply blocks, unpowered buildings, or Contaminate may cause inaccurate times.
  • Supply counts are checked every 10 seconds.